[Event "WchT 7th"]
[Site "Bursa"]
[Date "2010.01.08"]
[Round "4.4"]
[White "Sutovsky, Emil"]
[Black "Mastrovasilis, Athanasios"]
[Result "1-0"]
[ECO "B45"]
[WhiteElo "2657"]
[BlackElo "2510"]
[Annotator "Kritz,L"]
[PlyCount "71"]
[EventDate "2010.01.05"]
[EventType "team-tourn"]
[EventRounds "9"]
[EventCountry "TUR"]
[SourceTitle "CBM 134"]
[Source "ChessBase"]
[SourceDate "2010.01.18"]
[SourceVersion "1"]
[SourceVersionDate "2010.01.18"]
[SourceQuality "1"]
[WhiteTeam "Israel"]
[BlackTeam "Greece"]
[WhiteTeamCountry "ISR"]
[BlackTeamCountry "GRE"]
[TimeControl "40/5400+30:1800+30"]

1. e4 c5 2. Nf3 e6 3. Nc3 Nc6 4. d4 cxd4 5. Nxd4 Nf6 {Schwarz beabsichtigt, in
die Sweschnikow-Variante reinzukommen.} 6. Nxc6 {Wenn man zwischen Sweschnikow
und dieser Variante wählt, dann hat man nach 6.Nxc6 bessere Chancen auf einen
Eröffnungsvorteil.} (6. Ndb5 d6 (6... Bb4 7. a3 (7. Nd6+ $2 Ke7 8. Nxc8+ Rxc8
$15 {Der schwarze Entwicklungvorsprung und Druck auf das weiße Zentrum
kompensieren den Verlust der Rochade.}) 7... Bxc3+ 8. Nxc3 d5 9. exd5 exd5 10.
Bd3 O-O 11. O-O $14 {Weiß besitzt eindeutig die besseren Chancen.}) 7. Bf4 e5
8. Bg5 a6 9. Na3 b5 $13 {und wir landen in der Ausgangsstellung der
Sweschnikow-Variante.}) 6... bxc6 (6... dxc6 {Das ist ein sehr passives Spiel.
Schwarz hat gute Chancen auf ein Remis, muss sich jedoch die ganze Zeit ohne
Gegenchancen quälen.} 7. Qxd8+ Kxd8 8. Bf4 Bb4 9. O-O-O+ Ke7 10. f3 Rd8 11. Be2
Bd7 12. a3 Bxc3 13. Bd6+ Ke8 14. bxc3 $14 {Polgar - Amura (Benidorm, 2002)}) 7.
e5 {Die einzige aktive Möglichkeit. Nichts bringt 7.Bd3, weil man dann die
Stellung aus der Paulsen e6-Nc6-a6 Variante erhält, in der Schwarz einen Zug
Zeit an a6 gespart hat.} (7. Bd3 $6 d5 8. O-O Be7 9. Qe2 O-O $132 {In der
theoretischen Paulsenstellung steht der Bauer auf a6 und der schwarze König
immer noch im Zentrum, und die Stellung ist trotzdem unklar.}) 7... Nd5 8. Ne4
{Keine Hoffnung auf einen Vorteil hat Weiß, falls er auf d5 nimmt:} (8. Nxd5
cxd5 9. Bd3 Qc7 $1 (9... Be7 {Die einzige Variante, in der Weiß besser stehen
kann.} 10. Qg4 g6 (10... O-O $2 11. Bh6 $18) 11. Bh6 $14) 10. Qe2 Be7 {Jetzt
kann man nicht mehr Qg4 spielen.} 11. O-O O-O 12. Re1 d6 $11 {Rogovski -
Yakovich (Noyabrsk, 2003). Die Stellung ist ausgeglichen.}) 8... Qa5+ {Schwarz
hat viele Alternativen. Es ist schwer zu sagen, welche davon besser ist. Ich
persönlich finde die Variante 8....Qc7 9.f4 Qb6 am unangenehmsten für Weiß.} (
8... Qc7 9. f4 Qb6 (9... Qa5+ 10. Bd2 Qb6 11. Bd3 $1 Ba6 (11... Qxb2 {das
Nehmen des Bauerns ist zu gefährlich:} 12. Rb1 Qd4 13. Qe2 $44 {Weiß hat
ausgezeichnete Kompensation und gleich zwei unangenehme Drohungen: 14.c3 und
14.c4}) 12. Bxa6 Qxa6 13. Qe2 Qxe2+ 14. Kxe2 $14 {Weiß hatte das bessere
Endspiel in Fedorchuk - Timoshenko (Cappelle La Grande, 2008)}) 10. c4 Ne3 (
10... Bb4+ 11. Ke2 {Es macht nichts aus, dass der weiße König ins Zentrum
läuft - dafür hat Weiß viele andere Vorteile. Das Spiel läuft ziemlich
forciert.} f5 12. Nf2 Ba6 13. Kf3 Ne7 14. Be3 Bc5 15. Bxc5 Qxc5 16. Qd6 $1 $14
{Shirov - Krasenkow (Polanica Zdroj, 1998)}) 11. Qd3 Nf5 12. Bd2 Qxb2 13. Rb1
Qd4 14. Qxd4 Nxd4 15. c5 a5 $13 {Weiß hatte langzeitige Kompensation in
Ivanchuk - Radjabov (Bazna, 2009), konnte die schwarze Stellung jedoch nicht
durchbrechen.}) (8... Bb7 {wird im Remissinne gespielt.} 9. c4 (9. Be2 c5 10.
O-O Qc7 11. Nd6+ Bxd6 12. exd6 Qc6 (12... Qxd6 $4 13. c4 $18) 13. f3 c4 14. Qd4
O-O 15. Bxc4 Qxd6 16. Bb3 Qb6 17. Rd1 Rfc8 $132 {und selbst der Weltmeister
konnte die schwarze Stellung nicht knacken, Kasparov - Leko (Linares, 1999)})
9... Nb4 10. c5 {Sehr aggressive, Weiß spielt alles oder nichts.} Qb8 11. Bf4
Ba6 12. Bxa6 Nxa6 13. O-O Qb4 14. Re1 Nxc5 15. Qc2 Be7 16. Rad1 $44 {Die
weißen Chancen waren etwas besser in Fedorov - Abdulov (Dubai, 2009)}) (8... f5
$6 {kann nicht gut sein.} 9. exf6 Nxf6 (9... gxf6 10. Qh5+ Ke7 11. c4 Nb6 12.
Nxf6 $1 $18) 10. Nd6+ Bxd6 11. Qxd6 $14 {Khalifman - Yakovich (Novokuznetsk,
2008). Weiß hat die bessere Bauernstruktur und das Läuferpaar.}) 9. c3 {
Besser als 9.Bd2:} (9. Bd2 Qb6 10. c4 Qd4 11. Nd6+ Bxd6 12. exd6 Nf6 13. Bc3
Qxd1+ 14. Rxd1 c5 $11 {Svidler - Lautier (Cannes, 2001)}) 9... f5 (9... Ba6 10.
Bxa6 Qxa6 11. b3 $1 {Die strategische Idee ist c4, wonach Schwarz Probleme mit
seinem Springer haben wird.} f5 12. exf6 Nxf6 13. Nxf6+ gxf6 14. Qh5+ Kd8 15.
Be3 Qd3 16. Qa5+ Kc8 {Polgar - Lautier (Monte Carlo, 1996). und nun hätte Weiß
mittels} 17. a4 $3 {in Vorteil kommen können:} Rg8 (17... Rb8 18. Rd1 Qe4 19.
Qa6+ Rb7 20. Rxd7 $18) 18. g3 Qd5 19. Qa6+ Kc7 20. O-O $16) 10. exf6 Nxf6 11.
Nxf6+ (11. Nd6+ {hier ist es nicht dasselbe, wie nach 8....f5 - Schwarz kann
die Damen tauschen.} Bxd6 12. Qxd6 Qd5 13. Bf4 Ne4 14. Qxd5 exd5 15. f3 Nf6 16.
Kd2 $14 {Kotronias - Thorfinnsson (Caleta, 2005). Die weiße Stellung ist
trotzdem besser.}) 11... gxf6 12. Bf4 $5 $146 {Bis jetzt wurde nur 12.Be2
gespielt. Der Hauptvorteil des Partiezuges ist, dass er das Feld b8 unter
Kontrolle nimmt und den schwarzen Turm sperrt.} (12. Be2 Qd5 {alle Abtausche,
die folgen, spielen für Schwarz:} 13. Bh5+ Kd8 14. Qe2 Qe5 (14... Ba6 15. Qxa6
Qxh5 16. Be3 Qb5 17. Qxb5 cxb5 18. a4 b4 $11 {Kovacevic - Vukic (Herceg Novi,
2005)}) 15. Be3 Bc5 16. Bxc5 Qxc5 17. O-O-O Kc7 18. f4 Rb8 19. Rd4 Qa5 20. a3
Ba6 $11 {Kotronias - Tzermiadianos (Athens, 2004)}) 12... Qf5 (12... e5 13. Be3
Qd5 14. Qa4 $1 $16) (12... Qd5 13. Qa4 f5 14. f3 Rg8 15. Rd1 Qc5 16. Kd2 $16)
13. Qd2 e5 14. Be3 d5 (14... Be7 15. f3 d5 16. Bd3 Qh5 17. O-O-O $16 {Schwarz
wird es immer schwer haben, seinen König in eine sichere Ecke zu bringen.}) 15.
f4 (15. f3 $5 {wäre auch möglich, mit der Idee Bd3:} Bd6 16. Bd3 Qe6 17. O-O
O-O 18. Rae1 $14) 15... Rb8 $2 {Ein großer Fehler, nach welchem die Lage
kritisch wird.} (15... exf4 $1 {sieht paradox aus, war aber die beste
Fortsetzung!} 16. Bxf4 Qe4+ 17. Qe3 (17. Be3 Bc5 $19) (17. Kf2 Bc5+ 18. Be3
Qf4+ $19) (17. Be2 Rg8 18. Bg3 Bc5 $132 {beide Könige bleiben im Zentrum.})
17... Rg8 18. g3 Kf7 19. Qxe4 dxe4 $14 {Weiß behält minimalen Vorteil, Schwarz
kann jedoch bei guter Verteidigung Remis halten.}) 16. fxe5 $1 {Man muss die
f-Linie für zukünftige Aktivitäten der Türme öffnen.} fxe5 17. Bd3 Qg4 (17...
e4 18. Be2 $16 {Demnächst folgt 0-0-0-Rf1}) 18. O-O Rg8 (18... Rb7 19. Rf6 Bd7
20. Be2 Qg7 21. Bh5+ Kd8 22. Rf7 $18) 19. Rf2 $1 {Man braucht nicht die Bauern
h7 oder a7 - man braucht den schwarzen König.} Rb7 20. Raf1 Be6 21. Rf6 {
Schwarz kann nichts machen, er wird einfach zusammengeschoben.} Rbg7 22. Kh1 $1
(22. g3 {ist zwar auch gut, aber wozu sollte man sich zusätzliche Schwächen
machen.}) 22... Be7 23. h3 {Das Spiel ist vorbei, auch die Taktik arbeitet für
Weiß.} Qxg2+ 24. Qxg2 Rxg2 25. Rxe6 R2g3 26. Rxe7+ Kxe7 27. Bc5+ $18 {Es wäre
nicht so schlimm, wenn Schwarz noch einen Zug hätte, um e4 zu spielen, doch
das schafft er nicht.} Ke8 28. Bf5 $1 {Die weißen Läufer kontrollieren das
Geschehen völlig.} e4 29. Be6 Rh8 30. Rf7 Rxh3+ 31. Kg2 Rh6 32. Re7+ Kd8 33.
Rxa7 Rg6+ 34. Kf1 Rxe6 35. Ra8+ Kd7 36. Rxh8 1-0